[Event "ESTCC U65 2018"]
[Site "Walbrzych"]
[Date "2018.04.19"]
[Round "6"]
[White "Wademark, Helge"]
[Black "Kradolfer, Georg"]
[Result "1/2-1/2"]
[ECO "B13"]
[WhiteElo "2005"]
[BlackElo "2084"]
[Annotator "NA"]
[PlyCount "34"]
[EventDate "2018.??.??"]
[EventCountry "POL"]
[SourceTitle "playchess.com"]
[Source "ChessBase"]
[SourceQuality "1"]
[WhiteTeam "Sweden"]
[BlackTeam "Switzerland"]
[WhiteTeamCountry "SWE"]
[BlackTeamCountry "SUI"]
[TimeControl "40/5400+30:1800+30"]

1. e4 c6 2. d4 d5 3. exd5 cxd5 4. Bd3 Nf6 5. Nf3 Bg4 6. c3 Qc7 7. Nbd2 Nbd7 8. Qa4 Bxf3 9. Nxf3 e6 10. Bg5 Bd6 11. Bxf6 gxf6 12. g3 a6 13. Nh4 O-O-O 14. O-O-O f5 15. Ng2 Kb8 16. Kb1 Rc8 17. Rc1 Nb6 1/2-1/2

[Event "ESTCC U65 2018"]
[Site "Walbrzych"]
[Date "2018.04.19"]
[Round "6"]
[White "Ranki, Martti"]
[Black "Marks, Ian A"]
[Result "1-0"]
[ECO "A41"]
[WhiteElo "1942"]
[BlackElo "1895"]
[Annotator "NA"]
[PlyCount "69"]
[EventDate "2018.??.??"]
[EventCountry "POL"]
[SourceTitle "playchess.com"]
[Source "ChessBase"]
[SourceQuality "1"]
[WhiteTeam "Finland"]
[BlackTeam "Scotland"]
[WhiteTeamCountry "FIN"]
[BlackTeamCountry "SCO"]
[TimeControl "40/5400+30:1800+30"]

1. d4 d6 2. c4 e5 3. e4 exd4 4. Qxd4 Nc6 5. Qd1 g6 6. Nc3 Bg7 7. Nf3 Nf6 8. Bd3 O-O 9. h3 Re8 10. O-O h6 11. Be3 Nb4 12. Bb1 Be6 13. Qe2 Nc6 14. Rd1 Qe7 15. Bc2 Ne5 16. Bb3 Nxf3+ 17. Qxf3 Nd7 18. Qe2 Nc5 19. Bc2 Rad8 20. Qd2 Kh7 21. Bd4 c6 22. a3 a5 23. Rab1 Bf8 24. Qf4 Bg7 25. Qe3 Bxc4 26. Bxg7 Kxg7 27. Qd4+ Kg8 28. Qxc4 b5 29. Qd4 Ne6 30. Qe3 Kg7 31. Ne2 c5 32. Qg3 Ng5 33. Nf4 Nxe4 34. Nh5+ Kf8 35. Bxe4 1-0

[Event "ESTCC U65 2018"]
[Site "Walbrzych"]
[Date "2018.04.19"]
[Round "6"]
[White "Mortensen, Steen Juul"]
[Black "Vinke, Dietmar"]
[Result "1/2-1/2"]
[ECO "E91"]
[WhiteElo "1940"]
[BlackElo "2170"]
[Annotator "NA"]
[PlyCount "132"]
[EventDate "2018.??.??"]
[EventCountry "POL"]
[SourceTitle "playchess.com"]
[Source "ChessBase"]
[SourceQuality "1"]
[WhiteTeam "Denmark"]
[BlackTeam "Finland"]
[WhiteTeamCountry "DEN"]
[BlackTeamCountry "FIN"]
[TimeControl "40/5400+30:1800+30"]

1. d4 Nf6 2. c4 g6 3. Nc3 Bg7 4. e4 d6 5. Nf3 O-O 6. Be2 Na6 7. O-O e5 8. dxe5 dxe5 9. Be3 Ng4 10. Bg5 f6 11. Bh4 c6 12. Qxd8 Rxd8 13. Rfd1 {[%emt 0:00:11] E94: King's Indian: Classical: 6 Be2 e5 7 0-0: Various Black 7th moves} Be6 {[%emt 0:00:59] [#]} 14. b3 $146 ({Predecessor:} 14. a3 Nh6 15. b4 Nf7 16. Nd2 Rd7 17. Nb3 Rad8 18. f3 b6 19. Kf1 Nc7 20. Rxd7 Rxd7 {½-½ (60) Oleksienko,M (2636)-Vypkhaniuk,I (2302) Lvov 2017}) 14... h5 15. h3 Nh6 16. Rxd8+ Rxd8 17. Rd1 Rxd1+ 18. Bxd1 g5 19. Bg3 h4 20. Bh2 Bf8 21. Bc2 Kf7 22. Kf1 Ke8 23. Ng1 Bb4 24. Nge2 Nf7 25. f3 Nd6 26. Bg1 Bc5 27. Bxc5 Nxc5 28. Kf2 a5 29. Nc1 b6 30. Nd3 Ndb7 31. Ke2 Kd7 32. Nc1 Kc7 33. Kd2 Bf7 34. Bd3 Ne6 35. Bf1 Nbc5 36. Nd3 Nxd3 37. Kxd3 Be8 38. Kd2 Nd4 39. Ne2 Kd6 $15 40. Nc1 b5 41. Kc3 b4+ 42. Kd2 Ne6 43. Nd3 Bg6 44. Nf2 Nf4 45. Ke3 c5 46. Kd2 Be8 47. Ng4 Ke6 48. Ne3 a4 49. Kc2 a3 50. Kd2 Bg6 51. Bd3 Bh7 52. Bc2 Kf7 53. Bd3 Ne6 54. Bc2 Nd4 55. Bd3 Ke6 56. Ke1 Kd6 57. Kd2 Ne6 58. Nd5 Nd4 59. Nxf6 Nxb3+ 60. Kc2 Nd4+ 61. Kb1 Bg6 62. Ng4 Be8 63. Ne3 Bd7 64. Kc1 Nc6 65. Kb1 Nd4 66. Kc1 b3 1/2-1/2

[Event "ESTCC U65 2018"]
[Site "Walbrzych"]
[Date "2018.04.19"]
[Round "6"]
[White "Gustavsson, Bo"]
[Black "Auvinen, Esa"]
[Result "0-1"]
[ECO "C54"]
[WhiteElo "1915"]
[BlackElo "1888"]
[Annotator "NA"]
[PlyCount "58"]
[EventDate "2018.??.??"]
[EventCountry "POL"]
[SourceTitle "playchess.com"]
[Source "ChessBase"]
[SourceQuality "1"]
[WhiteTeam "Sweden"]
[BlackTeam "Finland"]
[WhiteTeamCountry "SWE"]
[BlackTeamCountry "FIN"]
[TimeControl "40/5400+30:1800+30"]

1. e4 e5 2. Nf3 Nc6 3. Bc4 Bc5 4. c3 Nf6 5. d4 exd4 6. e5 d5 7. exf6 dxc4 8. fxg7 Rg8 9. cxd4 Nxd4 10. Be3 Nxf3+ 11. Qxf3 Bxe3 12. fxe3 Rxg7 13. Nd2 c6 14. Ne4 Be6 15. Rd1 Qa5+ 16. Kf2 Qxa2 17. Qf6 Rg8 18. Rhf1 Qb3 19. Rd2 c3 20. bxc3 Bd5 21. Kg1 Bxe4 22. Rfd1 Rxg2+ 23. Rxg2 Qxd1+ 24. Kf2 Qd2+ 25. Kf1 Qxg2+ 26. Ke1 Rd8 27. Qe5+ Kd7 28. Qf6 Kc8 29. Qxf7 Bd5 0-1

[Event "ESTCC U65 2018"]
[Site "Walbrzych"]
[Date "2018.04.19"]
[Round "6"]
[White "Vehkalahti, Veli"]
[Black "Just, Joachim"]
[Result "0-1"]
[ECO "D02"]
[WhiteElo "1880"]
[BlackElo "1928"]
[Annotator "NA"]
[PlyCount "116"]
[EventDate "2018.??.??"]
[EventCountry "POL"]
[SourceTitle "playchess.com"]
[Source "ChessBase"]
[SourceQuality "1"]
[WhiteTeam "Finland"]
[BlackTeam "Germany"]
[WhiteTeamCountry "FIN"]
[BlackTeamCountry "GER"]
[TimeControl "40/5400+30:1800+30"]

1. d4 d5 2. Nf3 Nf6 3. Bf4 g6 4. e3 Bg7 5. Bd3 O-O 6. Nbd2 c6 7. O-O Nbd7 {[%emt 0:01:09] D02: 1 d4 d5 2 Nf3 sidelines, including 2...Nf6 3 g3 and 2...Nf6 3 Bf4} 8. h3 Re8 (8... b6 9. c3 Bb7 10. Qe2 a5 11. a4 Qc8 12. Rac1 c5 13. Bb5 Bc6 14. c4 Qb7 15. Ne5 Nxe5 16. Bxe5 cxd4 17. exd4 dxc4 18. Bxc6 Qxc6 19. Rxc4 {½-½ (50) Hoang,T (2495)-Ehlvest,J (2578) Jakarta 2013}) 9. c4 dxc4 10. Bxc4 Nd5 11. Bg3 N7b6 $146 ({Predecessor:} 11... Qb6 12. Bb3 e5 13. Nxe5 Nxe5 14. Bxe5 Bxe5 {½-½ (23) Holth,T-Groenli,F (1292) Sarpsborg 2002}) 12. Bb3 a5 13. a4 h6 14. Rc1 Nb4 15. Ne4 N6d5 16. Bxd5 Qxd5 17. Nc3 Qh5 18. Ne5 Qxd1 19. Rfxd1 Be6 20. Rd2 Rad8 21. Nf3 Rc8 22. Ne4 Ra8 23. Nc5 Bc8 24. Bc7 Nd5 25. Be5 f6 26. Bg3 e5 27. e4 Nb4 28. dxe5 fxe5 29. Rd6 Kh7 30. Nd7 b5 31. b3 Ra7 32. Ndxe5 Be6 33. Nd4 Bxe5 34. Nxe6 Bxd6 35. Bxd6 Rxe6 36. e5 bxa4 37. bxa4 Rd7 38. Rc5 Rexd6 39. exd6 Rxd6 40. Rxa5 Rd1+ 41. Kh2 Ra1 42. Ra7+ Kg8 43. a5 Ra3 44. f3 c5 45. Kg3 c4 46. Rb7 Nc6 47. Rb6 Nxa5 48. Rxg6+ Kh7 49. Ra6 c3 50. Ra7+ Kg6 51. Rc7 Kf6 52. Rc8 Ke6 53. Re8+ Kd7 $19 54. Re2 Nc4 55. Re4 Ra4 56. Re1 Ra2 57. Rc1 c2 58. Kf2 Na5 0-1

[Event "ESTCC U65 2018"]
[Site "Walbrzych"]
[Date "2018.04.19"]
[Round "6"]
[White "Dalling, Peter"]
[Black "Heikkila, Raine"]
[Result "0-1"]
[ECO "C44"]
[WhiteElo "1844"]
[BlackElo "1705"]
[Annotator "NA"]
[PlyCount "108"]
[EventDate "2018.??.??"]
[EventCountry "POL"]
[SourceTitle "playchess.com"]
[Source "ChessBase"]
[SourceQuality "1"]
[WhiteTeam "Sweden"]
[BlackTeam "Finland"]
[WhiteTeamCountry "SWE"]
[BlackTeamCountry "FIN"]
[TimeControl "40/5400+30:1800+30"]

1. e4 e5 2. Nf3 Nc6 3. c3 h6 4. Bc4 Qf6 5. d4 d6 6. d5 Nb8 7. Be3 Ne7 8. Nbd2 a6 9. Nf1 Ng6 10. Ng3 Bg4 11. Be2 Nf4 12. Bxf4 exf4 13. Nf1 Be7 14. Qb3 b6 15. N1d2 O-O 16. h3 Bh5 17. Qc4 Bd8 18. Qd4 Qe7 19. O-O-O Nd7 20. Rde1 Qe8 21. Bd3 Bf6 22. Qa4 Nc5 23. Qc2 Nxd3+ 24. Qxd3 Bg6 25. Qc4 b5 26. Qe2 Bh5 27. Qd3 Bg6 28. Nd4 Bxd4 29. Qxd4 c5 30. dxc6 Qxc6 31. Qd5 Qc7 32. Nb3 Rac8 33. Nd2 Rfe8 34. f3 Kh8 35. Kb1 f6 36. Rc1 Bh7 37. Rhd1 Re5 38. Qd4 d5 39. Ka1 Bg8 40. exd5 Rxd5 41. Qg1 a5 42. Ne4 a4 43. Rxd5 Bxd5 44. Qd4 Bg8 45. Rd1 Qf7 46. b3 axb3 47. Nd6 b2+ 48. Kxb2 Qxa2+ 49. Kc1 Bb3 50. Qd3 Bxd1 51. Kxd1 Qb3+ 52. Kd2 Ra8 53. Qxb5 Ra2+ 54. Ke1 Qxc3+ 0-1

[Event "ESTCC U65 2018"]
[Site "Walbrzych"]
[Date "2018.04.19"]
[Round "6"]
[White "Patola, Eero"]
[Black "Gromark, Per-Olof"]
[Result "0-1"]
[ECO "B20"]
[WhiteElo "1823"]
[BlackElo "1901"]
[Annotator "NA"]
[PlyCount "68"]
[EventDate "2018.??.??"]
[EventCountry "POL"]
[SourceTitle "playchess.com"]
[Source "ChessBase"]
[SourceQuality "1"]
[WhiteTeam "Finland"]
[BlackTeam "Sweden"]
[WhiteTeamCountry "FIN"]
[BlackTeamCountry "SWE"]
[TimeControl "40/5400+30:1800+30"]

1. e4 c5 2. c4 Nc6 3. Nc3 g6 4. g3 Bg7 5. Bg2 a6 6. Nge2 Rb8 7. d3 b5 8. O-O e6 9. f4 d6 10. e5 Nd4 11. cxb5 axb5 12. Nxd4 cxd4 13. Nxb5 Rxb5 14. Bc6+ Bd7 15. Bxb5 Bxb5 16. Qb3 Bc6 17. Qc4 Bd5 18. Qxd4 Ne7 19. Be3 dxe5 20. fxe5 O-O 21. Bg5 Qd7 22. Bf6 Nf5 23. Qf2 Bh6 24. Rfe1 Bb7 25. g4 Qd5 26. Kf1 Qxd3+ 27. Re2 Qh3+ 28. Ke1 Qxg4 29. Rd1 Qb4+ 30. Rdd2 Rc8 31. Kd1 Bxd2 32. Rxd2 Qg4+ 33. Re2 Nd4 34. h3 Qxe2+ 0-1

[Event "ESTCC U65 2018"]
[Site "Walbrzych"]
[Date "2018.04.19"]
[Round "6"]
[White "Lindholm, Pertti"]
[Black "Andersson, Kenneth"]
[Result "0-1"]
[ECO "D06"]
[WhiteElo "1624"]
[BlackElo "1763"]
[Annotator "NA"]
[PlyCount "68"]
[EventDate "2018.??.??"]
[EventCountry "POL"]
[SourceTitle "playchess.com"]
[Source "ChessBase"]
[SourceQuality "1"]
[WhiteTeam "Finland"]
[BlackTeam "Sweden"]
[WhiteTeamCountry "FIN"]
[BlackTeamCountry "SWE"]
[TimeControl "40/5400+30:1800+30"]

1. d4 d5 2. c4 Nf6 3. Nc3 c6 4. Bf4 Bf5 5. e3 a6 6. Nf3 e6 7. Be2 Nbd7 8. Nh4 Bg6 9. Nxg6 hxg6 10. Qb3 Qb6 11. Qxb6 Nxb6 12. c5 Nbd7 13. O-O Nh5 14. Rfe1 Nxf4 15. exf4 Be7 16. Bd3 O-O 17. f5 gxf5 18. Bxf5 Bf6 19. Bd3 Bxd4 20. Na4 Nxc5 21. Nxc5 Bxc5 22. Re5 Bd4 23. Rh5 g6 24. Rh4 e5 25. Rb1 c5 26. b4 c4 27. Bc2 Rad8 28. Rd1 Bc3 29. a3 d4 30. Bb1 Rfe8 31. Rh3 e4 32. Rh4 d3 33. Rc1 Bf6 34. Rh3 c3 0-1

[Event "ESTCC U65 2018"]
[Site "Walbrzych"]
[Date "2018.04.20"]
[Round "7"]
[White "Tunik, Gennady"]
[Black "Wademark, Helge"]
[Result "1-0"]
[ECO "D26"]
[WhiteElo "2351"]
[BlackElo "2005"]
[Annotator "NA"]
[PlyCount "37"]
[EventDate "2018.??.??"]
[EventCountry "POL"]
[SourceTitle "playchess.com"]
[Source "ChessBase"]
[SourceQuality "1"]
[WhiteTeam "Russia"]
[BlackTeam "Sweden"]
[WhiteTeamCountry "RUS"]
[BlackTeamCountry "SWE"]
[TimeControl "40/5400+30:1800+30"]

1. d4 d5 2. c4 dxc4 3. Nf3 Nf6 4. e3 e6 5. Bxc4 a6 6. O-O c5 7. dxc5 Qxd1 8. Rxd1 Bxc5 9. Nbd2 b5 {[%emt 0:05:59] LiveBook: 12 Games D27: Queen's Gambit Accepted: Classical main line: 7 e4!? and 7 a4} (9... Nbd7 10. Be2 b6 11. Nc4 Bb7 12. b3 O-O 13. Bb2 Rfd8 14. Rac1 Nf8 15. Bd4 Bxd4 16. Nxd4 N8d7 17. Bf3 Bxf3 18. gxf3 Rac8 19. Nd6 Rxc1 20. Rxc1 Nc5 21. Nc4 {1-0 (60) Akobian,V (2647)-Nguyen,N (2630) Riadh 2017}) 10. Be2 Bb7 11. a4 b4 12. Nb3 Be7 13. Ne5 $146 ({White should play} 13. Bd2 $16) ({Find the theoretical novelty and annotate with similar games:} 13. Na5 Bd5 14. Nd4 Bd8 15. Nc4 {1-0 (28) Pogorelov,R (2453)-Ayza Ballester,J (2289) La Pobla de Lillet 2002}) 13... Nbd7 14. Nc4 O-O 15. Bd2 Nd5 16. Nca5 Bc8 17. e4 N5b6 18. Nc6 Bf6 19. a5 $18 1-0

[Event "ESTCC U65 2018"]
[Site "Walbrzych"]
[Date "2018.04.20"]
[Round "7"]
[White "Westerinen, Heikki M J"]
[Black "Buchal, Stephan"]
[Result "1/2-1/2"]
[ECO "B06"]
[WhiteElo "2308"]
[BlackElo "2310"]
[Annotator "ChessBase"]
[PlyCount "48"]
[EventDate "2018.??.??"]
[EventCountry "POL"]
[SourceTitle "playchess.com"]
[Source "ChessBase"]
[SourceQuality "1"]
[WhiteTeam "Finland"]
[BlackTeam "Germany"]
[WhiteTeamCountry "FIN"]
[BlackTeamCountry "GER"]
[TimeControl "40/5400+30:1800+30"]

1. e4 g6 2. d4 Bg7 3. Nc3 d6 4. f4 Nf6 5. a3 O-O 6. Nf3 Na6 7. Bc4 Nxe4 8. Bxf7+ Rxf7 9. Nxe4 Bf5 10. Nfg5 Rf8 11. Ng3 Qd7 12. Nxf5 Qxf5 13. Qe2 Rae8 14. Qe6+ Kh8 15. Qxf5 gxf5 16. Ne6 Rf6 17. d5 c6 18. c4 Nc5 19. Nxg7 Kxg7 20. Be3 Rg6 21. O-O Ne4 22. b4 a6 23. Rfd1 Kf7 24. Rac1 e6 1/2-1/2

[Event "ESTCC U65 2018"]
[Site "Walbrzych"]
[Date "2018.04.20"]
[Round "7"]
[White "Baum, Bernd"]
[Black "Hurme, Harri"]
[Result "1/2-1/2"]
[ECO "A10"]
[WhiteElo "2290"]
[BlackElo "2229"]
[Annotator "NA"]
[PlyCount "113"]
[EventDate "2018.??.??"]
[EventCountry "POL"]
[SourceTitle "playchess.com"]
[Source "ChessBase"]
[SourceQuality "1"]
[WhiteTeam "Germany"]
[BlackTeam "Finland"]
[WhiteTeamCountry "GER"]
[BlackTeamCountry "FIN"]
[TimeControl "40/5400+30:1800+30"]

1. c4 g6 2. g3 Bg7 3. Bg2 Nf6 4. Nc3 c6 5. e4 e5 6. Nge2 O-O 7. O-O d6 {[%emt 0:00:35] LiveBook: 138 Games} 8. d3 a6 9. h3 b5 10. a3 Nbd7 {[%emt 0:02:19] A24: English Opening vs King's Indian: Lines without ...Nc6} 11. Be3 Rb8 12. Rb1 Nc5 $146 (12... Re8 $11) ({Predecessor:} 12... Bb7 13. Kh2 d5 14. exd5 cxd5 15. cxd5 Nb6 16. Ne4 Bxd5 17. N2c3 Nxe4 18. dxe4 {½-½ (31) Boros,D (2485)-Strunski,A (2366) Pardubice 2012}) 13. f4 (13. d4 $14 Ne6 14. d5 cxd5 15. exd5 (15. cxd5 Nc5 $14)) 13... Nfd7 ({Better is} 13... exf4 $15 14. gxf4 bxc4) 14. f5 Nb6 15. b3 (15. b4 $5 Nca4 16. Nxa4 Nxa4 17. g4 $16) 15... Bd7 ({Black should play} 15... bxc4 $14 16. dxc4 (16. bxc4 Rb7 $11) 16... Qe7) 16. Qd2 a5 17. cxb5 cxb5 18. b4 axb4 19. axb4 Nca4 20. g4 f6 21. Kh2 Bc6 22. Rbc1 Rc8 23. Rc2 Qd7 24. Rfc1 Bb7 25. Nxa4 Nxa4 26. d4 gxf5 27. gxf5 d5 28. exd5 Qxf5 29. Ng3 Qd7 30. dxe5 fxe5 31. Be4 Rxc2 32. Rxc2 Bc8 33. Qg2 Kh8 34. Rc1 Nb2 35. Rxc8 Qxc8 36. Qxb2 Qc4 37. Qc2 Rc8 (37... Qxc2+ $142 38. Bxc2 Bh6) 38. Qxc4 (38. Qd1 $142) 38... Rxc4 39. Bc5 Bh6 40. d6 Bg5 41. Kg2 h5 42. Bd3 Rc3 43. Bf5 h4 44. Ne2 Rb3 45. Kf2 Kg7 46. Ng1 Kf6 47. Bg4 e4 48. d7 Ke5 49. Be2 Rb2 50. Be3 $2 (50. Kf1 $18) 50... Bd8 51. Bc5 Rd2 $11 {[%emt 0:00:00] [#]} 52. Ke1 $1 Rxd7 53. Bxb5 Rb7 54. Ba6 Rd7 55. Ne2 Be7 56. Bc8 Rd8 57. Bxe7 1/2-1/2

[Event "ESTCC U65 2018"]
[Site "Walbrzych"]
[Date "2018.04.20"]
[Round "7"]
[White "Vucenovic, Dragomir"]
[Black "Giulian, Philip M"]
[Result "1/2-1/2"]
[ECO "D02"]
[WhiteElo "2248"]
[BlackElo "2124"]
[Annotator "NA"]
[PlyCount "33"]
[EventDate "2018.??.??"]
[EventCountry "POL"]
[SourceTitle "playchess.com"]
[Source "ChessBase"]
[SourceQuality "1"]
[WhiteTeam "Switzerland"]
[BlackTeam "Scotland"]
[WhiteTeamCountry "SUI"]
[BlackTeamCountry "SCO"]
[TimeControl "40/5400+30:1800+30"]

1. d4 d5 2. Nf3 e6 3. g3 Nf6 4. Bg2 b5 5. O-O Bb7 6. Bg5 Nbd7 7. Nbd2 c5 8. c3 Be7 9. a4 b4 10. Ne5 bxc3 11. bxc3 cxd4 12. Nxd7 Nxd7 13. Bxe7 Qxe7 14. cxd4 O-O 15. e4 dxe4 16. Bxe4 Bxe4 17. Nxe4 $11 1/2-1/2

[Event "ESTCC U65 2018"]
[Site "Walbrzych"]
[Date "2018.04.20"]
[Round "7"]
[White "Ackermann, Hans Werner"]
[Black "Meskanen, Vesa"]
[Result "1-0"]
[ECO "A05"]
[WhiteElo "2211"]
[BlackElo "2066"]
[Annotator "NA"]
[PlyCount "45"]
[EventDate "2018.??.??"]
[EventCountry "POL"]
[SourceTitle "playchess.com"]
[Source "ChessBase"]
[SourceQuality "1"]
[WhiteTeam "Germany"]
[BlackTeam "Finland"]
[WhiteTeamCountry "GER"]
[BlackTeamCountry "FIN"]
[TimeControl "40/5400+30:1800+30"]

1. Nf3 Nf6 2. c4 g6 3. b3 Bg7 4. Bb2 O-O 5. g3 c6 6. Bg2 d5 7. O-O Re8 8. Qc2 Bf5 9. d3 Na6 10. Nbd2 Nb4 11. Qc1 a5 (11... Bxd3 $5 12. Qc3 (12. exd3 Nxd3 13. Qb1 Nxb2 $15) 12... Bxe2 13. Qxb4 Bxf1 14. Rxf1 Qb6 $14) 12. a3 Na6 13. Ra2 $14 b5 14. e4 dxe4 15. dxe4 Nxe4 16. Bxg7 Kxg7 17. Nh4 Qd3 18. Nxe4 Bxe4 19. Rd2 Qxb3 20. Bxe4 Rac8 21. cxb5 cxb5 22. Qa1+ Qc3 23. Bb7 1-0

[Event "ESTCC U65 2018"]
[Site "Walbrzych"]
[Date "2018.04.20"]
[Round "7"]
[White "Vinke, Dietmar"]
[Black "Kierzek, Matthias"]
[Result "1/2-1/2"]
[ECO "D18"]
[WhiteElo "2170"]
[BlackElo "2272"]
[Annotator "NA"]
[PlyCount "64"]
[EventDate "2018.??.??"]
[EventCountry "POL"]
[SourceTitle "playchess.com"]
[Source "ChessBase"]
[SourceQuality "1"]
[WhiteTeam "Finland"]
[BlackTeam "Germany"]
[WhiteTeamCountry "FIN"]
[BlackTeamCountry "GER"]
[TimeControl "40/5400+30:1800+30"]

1. d4 d5 2. c4 c6 3. Nf3 Nf6 4. Nc3 dxc4 5. a4 Bf5 6. e3 e6 7. Bxc4 Bb4 8. O-O Nbd7 9. Qe2 O-O 10. e4 Bg6 11. Bd3 Bh5 12. e5 Nd5 13. Nxd5 cxd5 14. Qe3 Re8 15. Ne1 Bg6 16. Bxg6 hxg6 {[%emt 0:00:06] LiveBook: 7 Games} 17. Nd3 Be7 18. Bd2 Rc8 19. a5 Qc7 20. Rfc1 Qb8 $14 21. Rxc8 Rxc8 22. Rc1 Rxc1+ 23. Nxc1 b6 24. Qb3 bxa5 25. Qxb8+ Nxb8 26. Bxa5 Nc6 27. Bc3 Kf8 28. Kf1 Ke8 29. Ke2 Kd7 30. Kd3 Kc7 31. f4 Kb6 32. g4 Nb4+ 1/2-1/2

[Event "ESTCC U65 2018"]
[Site "Walbrzych"]
[Date "2018.04.20"]
[Round "7"]
[White "Sorensen, Bent"]
[Black "Hedin, Gunnar"]
[Result "1/2-1/2"]
[ECO "A04"]
[WhiteElo "2158"]
[BlackElo "2174"]
[Annotator "NA"]
[PlyCount "82"]
[EventDate "2018.??.??"]
[EventCountry "POL"]
[SourceTitle "playchess.com"]
[Source "ChessBase"]
[SourceQuality "1"]
[WhiteTeam "Denmark"]
[BlackTeam "Sweden"]
[WhiteTeamCountry "DEN"]
[BlackTeamCountry "SWE"]
[TimeControl "40/5400+30:1800+30"]

1. Nf3 f5 2. b3 Nf6 3. Bb2 g6 4. e3 {[%emt 0:00:08] A04: Unusual lines after 1 Nf3 and King's Indian Attack} (4. Bxf6 exf6 5. c4 d5 6. cxd5 Qxd5 7. Nc3 Qa5 8. a3 c6 9. e3 Qc7 10. b4 Be6 11. g3 Nd7 {½-½ (52) Tkachiev,V (2644)-Mamedyarov,S (2726) Astana 2012}) 4... Bg7 5. d4 O-O 6. Nbd2 d6 7. Bc4+ e6 8. O-O Nc6 9. a3 Kh8 $146 ({Predecessor:} 9... d5 10. Be2 {1-0 (45) Lamik,J (1780)-Kiraly,B (1308) Hungary 2013}) 10. b4 a6 11. Rb1 Qe7 12. b5 ({White should try} 12. Re1 $11) 12... axb5 13. Bxb5 Bd7 14. Qe2 Rae8 15. Rfe1 Nd8 16. a4 Bc6 17. Ba3 Ne4 18. Nxe4 fxe4 19. Bxc6 bxc6 20. Nd2 e5 21. dxe5 Bxe5 22. Nxe4 Bxh2+ 23. Kxh2 Qxe4 24. Rb4 Qd5 25. Kg1 Ne6 26. Rd1 Qf5 27. Rd2 Kg8 28. Qc4 c5 29. Rb7 Qf7 30. Bb2 h5 31. a5 Kh7 32. a6 Ra8 33. f3 Nd8 34. Qb5 Nxb7 35. axb7 Rab8 36. e4 Qe8 37. Qb3 Qc6 38. Qe6 $1 Qe8 39. Qb3 Qc6 40. Qe6 Qe8 $11 41. Qb3 Qc6 1/2-1/2

[Event "ESTCC U65 2018"]
[Site "Walbrzych"]
[Date "2018.04.20"]
[Round "7"]
[White "Malmdin, Nils-Ake"]
[Black "Jorgensen, Brian Jorgen"]
[Result "0-1"]
[ECO "B12"]
[WhiteElo "2154"]
[BlackElo "2255"]
[Annotator "NA"]
[PlyCount "53"]
[EventDate "2018.??.??"]
[EventCountry "POL"]
[SourceTitle "playchess.com"]
[Source "ChessBase"]
[SourceQuality "1"]
[WhiteTeam "Sweden"]
[BlackTeam "Denmark"]
[WhiteTeamCountry "SWE"]
[BlackTeamCountry "DEN"]
[TimeControl "40/5400+30:1800+30"]

1. e4 c6 2. d4 d5 3. e5 Bf5 4. Nf3 e6 5. Be2 Nd7 6. O-O Ne7 7. Nbd2 h6 8. c3 g5 {[%emt 0:05:16] LiveBook: 13 Games} 9. b4 a5 10. b5 c5 11. dxc5 Nxc5 12. Ba3 Rc8 13. Nd4 Bg7 14. N2f3 $11 (14. Nxf5 $14 Nxf5 15. Bg4) 14... Be4 15. Bb2 O-O 16. h3 Ng6 17. Re1 Nxe5 18. Nxe5 Bxe5 19. Bf1 Bg7 20. Rc1 Re8 21. Ba1 Qb6 22. Nf3 Bf5 23. Nd4 Bg6 24. Qf3 Ne4 25. Qe3 Nd6 26. a4 Nc4 27. Nb3 0-1

[Event "ESTCC U65 2018"]
[Site "Walbrzych"]
[Date "2018.04.20"]
[Round "7"]
[White "Holst, Per"]
[Black "Hammar, Bengt"]
[Result "0-1"]
[ECO "E81"]
[WhiteElo "2140"]
[BlackElo "2133"]
[Annotator "NA"]
[PlyCount "90"]
[EventDate "2018.??.??"]
[EventCountry "POL"]
[SourceTitle "playchess.com"]
[Source "ChessBase"]
[SourceQuality "1"]
[WhiteTeam "Denmark"]
[BlackTeam "Sweden"]
[WhiteTeamCountry "DEN"]
[BlackTeamCountry "SWE"]
[TimeControl "40/5400+30:1800+30"]

1. d4 Nf6 2. c4 g6 3. Nc3 Bg7 4. e4 d6 5. f3 O-O 6. Be3 c6 7. Bd3 a6 8. Nge2 b5 9. O-O Nbd7 10. b3 e5 11. d5 cxd5 12. cxd5 {[%emt 0:00:10] LiveBook: 5 Games} Nc5 13. Bc2 b4 14. Na4 Nxa4 15. bxa4 Nd7 16. a3 bxa3 17. Rxa3 f5 18. exf5 gxf5 19. f4 Nb6 20. Bb3 a5 21. Rf3 Ba6 22. Rh3 Bxe2 23. Qxe2 Nd7 24. fxe5 Bxe5 25. Bc2 Rf7 26. Bxf5 Kh8 27. Bc2 Qe7 28. Rf3 Rxf3 29. gxf3 Qh4 30. f4 Rg8+ 31. Kh1 Bxf4 32. Bxf4 Qxf4 33. Rf3 Qg4 34. Qf2 Qg5 35. Qd4+ Ne5 36. Rg3 Qc1+ 37. Bd1 Rf8 38. Kg2 Qh6 39. Be2 Qf6 40. Qe3 Ng6 41. Qc3 Nf4+ 42. Kf1 Nxd5+ $15 ({Black should try} 42... Qxc3 $19 43. Rxc3 Nxd5+ 44. Rf3 Kg7 45. Rxf8 Kxf8) 43. Qxf6+ Rxf6+ 44. Ke1 Nf4 45. Rg4 h5 0-1

[Event "ESTCC U65 2018"]
[Site "Walbrzych"]
[Date "2018.04.20"]
[Round "7"]
[White "Kradolfer, Georg"]
[Black "White, Alastair F"]
[Result "1-0"]
[ECO "A22"]
[WhiteElo "2084"]
[BlackElo "2069"]
[Annotator "NA"]
[PlyCount "137"]
[EventDate "2018.??.??"]
[EventCountry "POL"]
[SourceTitle "playchess.com"]
[Source "ChessBase"]
[SourceQuality "1"]
[WhiteTeam "Switzerland"]
[BlackTeam "Scotland"]
[WhiteTeamCountry "SUI"]
[BlackTeamCountry "SCO"]
[TimeControl "40/5400+30:1800+30"]

1. c4 e5 2. Nc3 Nf6 3. g3 d5 4. cxd5 Nxd5 5. Bg2 Nb6 6. Nf3 Nc6 7. d3 Be7 8. O-O O-O 9. Be3 Be6 10. a3 Nd5 11. Nxd5 Bxd5 12. Rc1 Re8 13. b4 {[%emt 0:07:36] A29: English Opening: Four Knights Variation with 4 g3} (13. Qa4 a6 14. Rc3 Bf6 15. Rc5 Ne7 16. Rfc1 c6 17. Bg5 Bxg5 18. Nxg5 Bxg2 19. Kxg2 Nf5 20. Qg4 Nd6 {½-½ (40) Karjakin,S (2766)-Topalov,V (2785) Khanty-Mansiysk 2014}) 13... a5 14. b5 Nd4 15. Nxd4 $146 ({Predecessor:} 15. Bxd4 exd4 16. Qa4 Bf6 17. Rfe1 c6 18. bxc6 Bxc6 19. Qb3 a4 20. Qb2 Qd7 {½-½ (51) Shvets,G (2034)-Mucha,J (2064) ICCF email 2015}) 15... Bxg2 16. Kxg2 exd4 17. Bf4 Bxa3 18. Rxc7 Bd6 19. Bxd6 Qxd6 20. Qc2 Qe6 21. Rc1 a4 22. Qc4 Qxc4 23. R7xc4 a3 24. Kf3 Ra5 25. Ra1 Rd8 26. Rb4 f5 27. Rb3 Rda8 28. Kf4 g6 29. Ra2 Kf7 30. e3 Ra4 31. e4 fxe4 32. dxe4 Ke6 33. b6 R8a5 34. h4 h6 35. Kf3 g5 (35... Ke5 $17 36. g4 g5) 36. hxg5 hxg5 37. Ke2 g4 38. f4 gxf3+ 39. Rxf3 Rb5 (39... Ra6 $17 40. Rb3 Ra8) 40. Rfxa3 Rxa3 41. Rxa3 Rxb6 42. Kd3 Rd6 43. Rb3 Rd7 44. Rb5 Kf6 45. Rf5+ Ke6 {[%emt 0:02:36] [#]} 46. g4 $1 Rd8 47. Rb5 (47. g5 $16) 47... Rd7 $16 (47... Kf6 $1 $11) 48. g5 Kf7 49. Rd5 Rc7 50. Kxd4 Kg6 51. Ke5 Rc1 52. Ke6 Rc4 53. e5 Kxg5 54. Kd7 Re4 55. e6+ Kf6 56. Rd1 b5 57. Rf1+ Ke5 58. e7 Kd4 59. Rf4 Rxf4 60. e8=Q Re4 61. Qh5 Re5 62. Qd1+ Kc4 63. Qc2+ Kd4 64. Qb2+ Ke4 65. Kd6 Rg5 66. Qf6 Rf5 67. Qh4+ Rf4 68. Qe1+ Kd3 69. Qb1+ {[%emt 0:00:14] Ke4 Kd5+} 1-0